 Dungeon Crawl Stone Soup version 0.27-a0-1525-g1038ab4fd7 (webtiles) character file.

Game seed: 2440584655080434269

107 raph the Ruffian (level 4, -2/36 HPs)
             Began as a Draconian Transmuter on July 10, 2021.
             Slain by a hobgoblin (3 damage)
             ... on level 4 of the Dungeon.
             The game lasted 00:04:08 (3455 turns).

raph the Ruffian (Draconian Transmuter)             Turns: 3455, Time: 00:04:08

Health: -2/36      AC:  7    Str: 13    XL:     4   Next: 57%
Magic:  6/7        EV: 12    Int: 14    God:
Gold:   95         SH:  0    Dex: 11    Spells: 1/7 levels left

rFire    . . .     SeeInvis .     - Unarmed
rCold    . . .     Faith    .   (no shield)
rNeg     . . .     Spirit   .   (armour unavailable)
rPois    .         Reflect  .   (helmet restricted)
rElec    .         Harm     .   (no cloak)
rCorr    .         Rampage  .   f - +0 pair of gloves
Will     .....                  c - +0 pair of boots
Stlth    +.........             (no amulet)
HPRegen  0.12/turn              (no ring)
MPRegen  0.10/turn              (no ring)

@: wereblooded (expiring)
A: AC +5, unfitting armour, cold-blooded
a: no special abilities


You were on level 4 of the Dungeon.
You visited 1 branch of the dungeon, and saw 4 of its levels.

You collected 95 gold pieces.

Inventory:

Armour
 c - a +0 pair of boots (worn)
 f - a +0 pair of gloves (worn)
Scrolls
 h - a scroll of immolation {unknown}
Potions
 a - a potion of degeneration {unknown}
 b - a potion of heal wounds {unknown}
 d - a potion of berserk rage {unknown}
 e - a potion of might {unknown}
 g - 2 potions of haste {unknown}
 i - a potion of curing {unknown}


   Skills:
 - Level 1.8 Fighting
 - Level 2.2 Dodging
 * Level 3.8 Unarmed Combat
 - Level 2.4 Spellcasting
 * Level 3.2 Transmutations


You had one spell level left.
You knew the following spells:

 Your Spells              Type           Power      Damage    Failure   Level
a - Beastly Appendage     Tmut           20%        N/A       6%          1
b - Wereblood             Tmut           10%        N/A       9%          2
c - Spider Form           Tmut/Pois      3%         N/A       34%         3

Your spell library contained the following spells:

 Spells                   Type           Power      Damage    Failure   Level
 Ice Form                 Ice/Tmut       6%         N/A       75%         4
 Blade Hands              Tmut           5%         N/A       86%         5
 Animate Dead             Necr           0%         N/A       92%         4
 Borgnjor's Vile Clutch   Necr/Erth      0%         N/A       99%         5
 Death Channel            Necr           0%         N/A       100%        6
 Iron Shot                Conj/Erth      0%         9d1       100%        6
 Animate Armour           Summ/Erth      Unusable   N/A       N/A         4

Dungeon Overview and Level Annotations

Branches:
Dungeon (4/15)
 Temple: D:4-7

Altars:


Innate Abilities, Weirdness & Mutations

Your plain brown scales are hard. (AC +5)
You cannot fit into any form of body armour.
You are cold-blooded and may be slowed by cold attacks.


Message History

You hit the adder.
You feel a bit better.
You kill the adder!
You feel sick. The orc hits you but does no damage.
You barely miss the orc. You claw the orc. Your headbutt misses the orc.
The orc is heavily wounded.
You feel sick.
The hobgoblin hits you with a +0 short sword.
* * * LOW HITPOINT WARNING * * *
The orc hits you but does no damage.
You barely miss the orc. You headbutt the orc.
You feel a bit better.
You kill the orc!
You feel sick. The hobgoblin closely misses you.
You hit the hobgoblin but do no damage.
You claw the hobgoblin, but do no damage.
You howl as the wereblood boils in your veins!
Your horns disappear.
Your talons disappear.
Your +0 pair of boots unmelds from your body.
You feel sick. The hobgoblin barely misses you.
You barely miss the hobgoblin. You tail-slap the hobgoblin.
The hobgoblin is heavily wounded.
You feel sick. The hobgoblin barely misses you.
You hit the hobgoblin but do no damage.
The hobgoblin is heavily wounded.
Your primal bloodlust is almost over.
The hobgoblin hits you with a +0 short sword.
* * * LOW HITPOINT WARNING * * *
You closely miss the hobgoblin.
You tail-slap the hobgoblin, but do no damage.
The hobgoblin is heavily wounded.
You feel sick.
You are no longer poisoned.
The hobgoblin hits you with a +0 short sword.
* * * LOW HITPOINT WARNING * * *
You hit the hobgoblin.
The hobgoblin is almost dead.
The hobgoblin misses you.
You hit the hobgoblin but do no damage.
The hobgoblin is almost dead.
The hobgoblin hits you with a +0 short sword.
You die...

#...[...##........#..
#.......##..#<#.#.#..
#.......##..###.###..
#.......##.[.........
#......###.###.#
#....†....##.#
#...#####.##.#####
#.................
#@)..####..#+#####
#)g....#.....
.o..o.'....###.......
......'......+.........
......#..#####.........
......#... ......####
......#.... .###...#
..... #.... ....#
......


You could see a hobgoblin.

Vanquished Creatures
  Robin (D:3)
  2 adders
  An adder skeleton (D:4)
  3 dart slugs
  3 orcs (D:4)
  5 ball pythons
  3 endoplasms
  2 giant cockroaches
  9 goblins
  6 hobgoblins
  5 jackals
  3 kobolds (D:1)
  A quokka (D:2)
  7 bats
  5 frilled lizards
  A jackal skeleton (D:4)
  4 rats
61 creatures vanquished.

Vanquished Creatures (others)
  A plant (D:1)
1 creature vanquished.

Grand Total: 62 creatures vanquished

Notes
Turn   | Place    | Note
-------+----------+-------------------------------------------
     0 | D:1      | raph the Draconian Transmuter began the quest for the Orb.
     0 | D:1      | Reached XP level 1. HP: 16/16 MP: 3/3
   297 | D:1      | Found a faded altar of an unknown god.
   443 | D:1      | Reached XP level 2. HP: 21/23 MP: 5/5
   733 | D:1      | Learned a level 2 spell: Wereblood
  1767 | D:2      | Reached XP level 3. HP: 28/28 MP: 4/6
  2005 | D:2      | Learned a level 3 spell: Spider Form
  2232 | D:3      | Noticed Robin
  2268 | D:3      | Killed Robin
  2583 | D:3      | Reached XP level 4. HP: 30/36 MP: 5/7
  3439 | D:4      | Identified the +0 chain mail of Fun {rPois Regen+ Str+2}
  3453 | D:4      | HP: 1/36 [hobgoblin (1)]
  3455 | D:4      | Slain by a hobgoblin

Illustrated notes

Levels and vault maps discovered:
D:1:      wander_arrival_fairy_ring, layout_basic,
          chequers_ecumenical_altar_twisty, serial_forest,
          infiniplex_forest_lined_2, infiniplex_forest_fountain,
          infiniplex_forest_lined_corner, infiniplex_forest_clump_tiny,
          infiniplex_forest_clump_long, infiniplex_forest_3_way,
          infiniplex_forest_lined_room_3
D:2:      layout_basic
D:3:      layout_basic, uniq_robin
D:4:      layout_basic, chequers_temple_overflow_statue_of_worship,
          nicolae_ossuary_entry_false_entrances, kennysheep_cross_room,
          uniq_edmund, uniq_natasha

Skill      XL: |  1  2  3  4 |
---------------+-------------+-----
Dodging        | 2 |  2.2
Transmutations | 3 |  3.2
Fighting       | |  1.8
Unarmed Combat | |  3.8
Spellcasting   | |  2.4

Action                   |  1- 3 |  4- 6 || total
-------------------------+-------+-------++-------
Melee: Unarmed           |   119 |    60 ||   179
       Kick              |    14 |    12 ||    26
       Tailslap          |    10 |     4 ||    14
       Headbutt          |     6 |     9 ||    15
       Punch             |     1 |       ||     1
 Cast: Beastly Appendage |    22 |    10 ||    32
       Wereblood         |     1 |     1 ||     2
  Use: Scroll            |       |     2 ||     2
Armor: Skin              |    39 |    23 ||    62
Dodge: Dodged            |    87 |    35 ||   122

Table legend: (Time is in decaauts)
 A = Elapsed time spent in this place.
 B = Non-inter-level travel time spent in this place.
 C = Inter-level travel time spent in this place.
 D = Time resting spent in this place.
 E = Time spent auto-exploring this place.
 F = Levels seen in this place.
 G = Mean time per level.
                   A        B        C        D        E       F      G
               +--------+--------+--------+--------+--------+-----+--------+
         Total |   3445 |   3382 |     63 |    455 |   2471 |   4 |  861.2 |
       Dungeon |   3445 |   3382 |     63 |    455 |   2471 |   4 |  861.2 |
               +--------+--------+--------+--------+--------+-----+--------+

Top non-repeatable levels by time:
     D:3: 1285 daAuts
     D:1: 1151 daAuts
     D:2: 866 daAuts
     D:4: 141 daAuts
